 Dungeon Crawl Stone Soup version 0.29.0-4-gdea44cf6ec (webtiles) character file.

Game seed: 9077115427787112482

18 qw the Vexing (level 2, 0/27 HPs)
             Began as an Ogre Enchanter on Sept 4, 2022.
             Slain by a hobgoblin (3 damage)
             ... on level 2 of the Dungeon.
             The game lasted 00:00:30 (1305 turns).

qw the Vexing (Ogre Enchanter)                      Turns: 1305, Time: 00:00:31

Health: 0/27       AC:  3    Str: 11    XL:     2   Next: 66%
Magic:  5/5        EV:  9    Int: 16    God:
Gold:   59         SH:  0    Dex:  9    Spells: 5/5 levels left

rFire   . . .      SeeInvis .   Y - +0 whip (venom)
rCold   . . .      Faith    .   (no shield)
rNeg    . . .      Spirit   .   b - +0 robe
rPois   .          Reflect  .   (helmet restricted)
rElec   .          Harm     .   (no cloak)
rCorr   .          Rampage  .   (gloves unavailable)
Will    .....                   (boots unavailable)
Stlth   ++........              (no amulet)
HPRegen 0.09/turn               (no ring)
MPRegen 0.09/turn               (no ring)

@: no status effects
A: large, unfitting armour, tough skin 1
a: no special abilities


You were on level 2 of the Dungeon.
You visited 1 branch of the dungeon, and saw 2 of its levels.

You collected 59 gold pieces.


Innate Abilities, Weirdness & Mutations

You are too large for most types of armour.
You have tough skin. (AC +1)


   Skills:
 - Level 1.1 Fighting
 - Level 0.8 Short Blades
 + Level 1.9 Axes
 - Level 1.7 Dodging
 - Level 2.1 Stealth
 - Level 2.4 Spellcasting
 - Level 2.6 Hexes


You had 5 spell levels left.
You didn't know any spells.
Your spell library contained the following spells:

 Spells                   Type           Power      Damage    Failure   Level
 Ensorcelled Hibernation  Hex/Ice        12%        N/A       17%         2
 Confusing Touch          Hex            10%        N/A       21%         3
 Tukima's Dance           Hex            10%        N/A       21%         3
 Dazzling Flash           Conj/Hex       12%        N/A       34%         3

Inventory:

Hand Weapons
 Y - a +0 whip of venom (weapon)
Armour
 b - a +0 robe (worn)
Scrolls
 e - 2 scrolls of identify

Dungeon Overview and Level Annotations

Branches:
Dungeon (2/15)

Altars:


Message History

There is a stone staircase leading up here.
There are monsters nearby!
Existing waypoints: (2) D:1 Assign waypoint to what number? (0-9, D - delete waypoint) Waypoint 1 assigned to D:2.
The helpless adder fails to defend itself.
You hit the adder but do no damage.
The adder is poisoned.
The adder bites you but does no damage.
You closely miss the adder.
The adder is moderately wounded.
The adder bites you. The hobgoblin barely misses you.
You barely miss the adder.
The adder is moderately wounded.
The adder bites you.
You are poisoned.
The adder poisons you! The hobgoblin misses you. The adder bites you.
You miss the adder.
The adder is moderately wounded.
You feel sick. The adder bites you. The hobgoblin closely misses you.
You barely miss the adder.
The adder is moderately wounded.
You feel sick. The adder bites you. The hobgoblin hits you.
You closely miss the adder.
The adder is heavily wounded.
You feel sick. The adder bites you. The hobgoblin barely misses you.
The adder barely misses you.
You closely miss the adder.
The adder is heavily wounded.
You feel sick. The adder bites you but does no damage. The hobgoblin hits you.
You barely miss the adder.
The adder is severely wounded.
You feel sick. The adder bites you but does no damage.
The hobgoblin barely misses you. The adder closely misses you.
You hit the adder.
You kill the adder!
You feel sick.
You are no longer poisoned.
The hobgoblin hits you.
You die...

### ..#
#.####.#
#....%.# #@#
......g........
#######.#######
#.# #.# #.# #+#


You could see a hobgoblin.

Vanquished Creatures
  An adder (D:2)
  An endoplasm (D:1)
  2 giant cockroaches (D:1)
  A goblin (D:1)
  5 hobgoblins (D:1)
  A bat (D:1)
  A frilled lizard (D:1)
  3 kobolds (D:1)
  2 rats (D:1)
17 creatures vanquished.

Notes
Turn   | Place    | Note
-------+----------+-------------------------------------------
     0 | D:1      | qw the Ogre Enchanter began the quest for the Orb.
     0 | D:1      | Reached XP level 1. HP: 16/16 MP: 3/3
     0 | D:1      | 0 ||| qw: Version: 0.1-a-102-g441f92d
     0 | D:1      | 0 ||| qw: Game counter: 5368
     0 | D:1      | 0 ||| qw: Always use a shield: true
     0 | D:1      | 0 ||| qw: God list: Okawaru
     0 | D:1      | 0 ||| qw: Allow faded altars: false
     0 | D:1      | 0 ||| qw: Do Orc after D:15 true
     0 | D:1      | 0 ||| qw: Do second Lair branch before Depths: true
     0 | D:1      | 0 ||| qw: Lair rune preference: random
     0 | D:1      | 0 ||| qw: Plans: Normal
     0 | D:1      | 0 ||| PLANNING D:1-11
     8 | D:1      | 8 ||| SWAPPING to +0 spear.
     9 | D:1      | 9 ||| DROPPING +1 dagger.
    28 | D:1      | 28 ||| Stepping ~*~*~tactically~*~*~ (outnumbered).
    29 | D:1      | 29 ||| Stepping ~*~*~tactically~*~*~ (outnumbered).
    30 | D:1      | 30 ||| Stepping ~*~*~tactically~*~*~ (outnumbered).
    32 | D:1      | 32 ||| Stepping ~*~*~tactically~*~*~ (outnumbered).
    33 | D:1      | 33 ||| Stepping ~*~*~tactically~*~*~ (outnumbered).
    34 | D:1      | 34 ||| Stepping ~*~*~tactically~*~*~ (outnumbered).
    37 | D:1      | 37 ||| Stepping ~*~*~tactically~*~*~ (outnumbered).
    42 | D:1      | Reached skill level 1 in Axes
   304 | D:1      | Reached skill level 1 in Fighting
   316 | D:1      | 316 ||| Stepping ~*~*~tactically~*~*~ (stealth).
   321 | D:1      | 321 ||| Stepping ~*~*~tactically~*~*~ (stealth).
   322 | D:1      | 322 ||| Stepping ~*~*~tactically~*~*~ (stealth).
   325 | D:1      | 325 ||| Stepping ~*~*~tactically~*~*~ (outnumbered).
   326 | D:1      | 326 ||| Stepping ~*~*~tactically~*~*~ (outnumbered).
   327 | D:1      | 327 ||| Stepping ~*~*~tactically~*~*~ (outnumbered).
   329 | D:1      | 329 ||| Stepping ~*~*~tactically~*~*~ (outnumbered).
   330 | D:1      | 330 ||| Stepping ~*~*~tactically~*~*~ (outnumbered).
   331 | D:1      | 331 ||| Stepping ~*~*~tactically~*~*~ (outnumbered).
   333 | D:1      | Reached XP level 2. HP: 18/27 MP: 5/5
   336 | D:1      | 336 ||| Stepping ~*~*~tactically~*~*~ (outnumbered).
   337 | D:1      | 337 ||| Stepping ~*~*~tactically~*~*~ (stealth).
   342 | D:1      | 342 ||| Stepping ~*~*~tactically~*~*~ (stealth).
   343 | D:1      | 343 ||| Stepping ~*~*~tactically~*~*~ (stealth).
   347 | D:1      | 347 ||| Stepping ~*~*~tactically~*~*~ (stealth).
   348 | D:1      | 348 ||| Stepping ~*~*~tactically~*~*~ (stealth).
   747 | D:1      | 747 ||| Stepping ~*~*~tactically~*~*~ (outnumbered).
   749 | D:1      | 749 ||| Stepping ~*~*~tactically~*~*~ (outnumbered).
   750 | D:1      | 750 ||| Stepping ~*~*~tactically~*~*~ (outnumbered).
   751 | D:1      | 751 ||| Stepping ~*~*~tactically~*~*~ (outnumbered).
   752 | D:1      | 752 ||| Stepping ~*~*~tactically~*~*~ (outnumbered).
   754 | D:1      | 754 ||| Stepping ~*~*~tactically~*~*~ (outnumbered).
   755 | D:1      | 755 ||| Stepping ~*~*~tactically~*~*~ (outnumbered).
   756 | D:1      | 756 ||| Stepping ~*~*~tactically~*~*~ (outnumbered).
   758 | D:1      | 758 ||| Stepping ~*~*~tactically~*~*~ (outnumbered).
   760 | D:1      | 760 ||| Stepping ~*~*~tactically~*~*~ (outnumbered).
   764 | D:1      | HP: 6/27 [poisoned by a kobold]
   769 | D:1      | HP: 2/27 [poisoned by a kobold]
  1056 | D:1      | 1056 ||| SWAPPING to +0 whip of venom.
  1057 | D:1      | 1057 ||| DROPPING +0 spear.
  1176 | D:1      | 1176 ||| READING scroll labelled ENICABRUOXT.
  1177 | D:1      | 1177 ||| READING scroll labelled BAISTU DEIRA.
  1178 | D:1      | 1178 ||| READING 3 scrolls labelled ARCHOPN AVOU.
  1179 | D:1      | 1179 ||| READING scroll labelled RESOIT QOIW.
  1280 | D:1      | 1280 ||| DROPPING 2 potions of invisibility.
  1303 | D:2      | HP: 5/27 [hobgoblin (2)]
  1305 | D:2      | Slain by a hobgoblin

Levels and vault maps discovered:
D:1:      lightli_arrival_maybe_door_vault, layout_rooms
D:2:      layout_basic, shapermc_ecumenical_altar_mp_highgroup,
          minmay_misc_feat_nine_boxes

Skill      XL: |  1 |
---------------+----+-----
Axes           | 1 |  1.9
Fighting       | 1 |  1.1
Short Blades   | |  0.8
Dodging        | |  1.7
Stealth        | |  2.1
Spellcasting   | |  2.4
Hexes          | |  2.6

Action                   || total
-------------------------++-------
Melee: Spear             ||    63
       Whip              ||    11
  Use: Scroll            ||     4
 Stab: Sleeping          ||     1
Armor: Robe              ||    22
Dodge: Dodged            ||    39

Table legend:
 A = Non-vault XP
 B = Vault XP
 C = Vault XP percentage of total XP
 D = Non-vault monster count
 E = Vault monster count
 F = Vault count percentage of total count
                 A         B        C        D         E       F
            +---------+---------+-------+---------+---------+-------
      Total |      39 |       0 |   0.0 |      17 |       0 |   0.0
            +---------+---------+-------+---------+---------+-------
        D:1 |      26 |       0 |   0.0 |      16 |       0 |   0.0
        D:2 |      13 |       0 |   0.0 |       1 |       0 |   0.0
            +---------+---------+-------+---------+---------+-------
